[Event "Championship of RSO-Alania 2020"]
[Site "Vladikavkaz, Russia"]
[Date "2020.11.30"]
[Round "1.1"]
[White "Bibilov, Alan"]
[Black "Hastsaev, Marat"]
[Result "0-1"]
[TimeControl "90+30"]
[WhiteElo "1073"]
[BlackElo "2007"]

1. e4 e6 2. d4 d5 3. exd5 exd5 4. Nf3 Nf6 5. Bd3 Bd6 6. Qe2+ Be6 7. Ng5 Qd7 8. O-O O-O 9. Nxe6 fxe6 10.
Re1 Nc6 11. c3 e5 12. dxe5 Nxe5 13. Be3 Nfg4 14. Qc2 Nxd3 15. Qxd3 Bxh2+ 16. Kh1 Rae8 17. Nd2 Rxe3 18. Qd4 Be5 19.
Qxa7 Nxf2+ 20. Kg1 Nh3+ 21. Kh1 Nf2+ 22. Kg1 Bh2+ 23. Kxh2 Qd6+ 24. Kg1 Qh6 25. Kh1 0-1

[Event "Championship of RSO-Alania 2020"]
[Site "Vladikavkaz, Russia"]
[Date "2021.01.02"]
[Round "2.1"]
[White "Hastsaev, Marat"]
[Black "Dryaeva, Lana"]
[Result "0-1"]
[TimeControl "90+30"]
[WhiteElo "2007"]
[BlackElo "1404"]

1. e4 c5 2. Nc3 Nc6 3. g3 g6 4. Bg2 Bg7 5. d3 d6 6. f4 e6 7. Nf3 Nge7 8. O-O O-O 9. Be3 a6 10.
g4 f5 11. gxf5 exf5 12. e5 Rb8 13. d4 cxd4 14. Bxd4 dxe5 15. Bxe5 Qb6+ 16. Kh1 Rd8 17. Qe2 Nxe5 18. Nxe5 Be6 19.
Na4 Qb5 20. Qxb5 axb5 21. Nc5 Bd5 22. Rad1 Bxg2+ 23. Kxg2 Rxd1 24. Rxd1 Rc8 25. Ne6 Bxe5 26. fxe5 Rxc2+ 27. Kg3 Nc6 28.
Rd7 Rxb2 29. Rg7+ Kh8 30. Rxb7 Rc2 31. Rxb5 Rxa2 32. Rc5 Ra6 33. Kf4 h6 34. Rc4 Ne7 35. Nc7 Ra3 36. e6 Kg7 37.
Ke5 Re3+ 38. Kd6 Nc8+ 39. Kc6 Rd3 40. Nd5 Rxd5 41. Kxd5 Nb6+ 42. Kd4 Nxc4 43. Kxc4 Kf8 44. Kd5 g5 0-1

[Event "Championship of RSO-Alania 2020"]
[Site "Vladikavkaz, Russia"]
[Date "2021.01.02"]
[Round "2.2"]
[White "Bogov, Khetag"]
[Black "Agkatsev, Albert A"]
[Result "1/2-1/2"]
[TimeControl "90+30"]
[WhiteElo "1263"]
[BlackElo "1550"]

1. Nf3 Nf6 2. g3 d5 3. c4 c6 4. b3 Bf5 5. Bb2 Nbd7 6. Bg2 Qc7 7. O-O e6 8. d3 Be7 9. Nbd2 O-O 10.
Rc1 h6 11. Rc2 Rfe8 12. Qa1 a5 13. a3 Rac8 14. Rcc1 Qb8 15. Bc3 Qa7 16. b4 axb4 17. axb4 Ra8 18. Qb2 Qa3 19. c5 b6 20.
Nb3 bxc5 21. Nxc5 Nxc5 22. Qxa3 Rxa3 23. bxc5 Rea8 24. Bd4 Nd7 25. Ne5 Nxe5 26. Bxe5 f6 27. Bd6 Bxd6 28. cxd6 R3a6 29.
e4 Bg4 30. exd5 exd5 31. Rxc6 Rxc6 32. Bxd5+ Kf8 33. Bxc6 Rd8 34. d7 Bxd7 35.
Bxd7 Rxd7 36. Rd1 Ke7 37. d4 Kd6 38. Kg2 Kd5 39. Re1 Rc7 40. Rd1 Rc4 41. Kf3 Rxd4 42. Rxd4+ Kxd4 43. Kf4 g6 44.
h4 h5 45. Ke4+ 1/2-1/2

[Event "Championship of RSO-Alania 2020"]
[Site "Vladikavkaz, Russia"]
[Date "2021.01.02"]
[Round "2.3"]
[White "Tandelov, Arseny"]
[Black "Ryazanov, Nikolay"]
[Result "1-0"]
[TimeControl "90+30"]
[WhiteElo "1657"]
[BlackElo "1788"]

1. d4 d5 2. Nf3 c5 3. e3 Nf6 4. b3 e6 5. Bb2 Nc6 6. Nbd2 Bd6 7. Ne5 Qe7 8. a3 O-O 9. Bd3 Bd7 10.
O-O Rfc8 11. f4 cxd4 12. exd4 g6 13. Nxd7 Qxd7 14. Qe1 Nh5 15. g3 a6 16. Nf3 b5 17. Ne5 Qa7 18. Qe3 Nf6 19.
Kh1 Kg7 20. h3 h5 21. c3 Ne7 22. Rae1 Nf5 23. Qf2 h4 24. Bxf5 hxg3 25. Qxg3 exf5 26. Rg1 Bxe5 27. fxe5 Ne4 28.
Rxe4 fxe4 29. Bc1 Qc7 30. Bg5 Qxc3 31. Be3 Rc6 32. e6 Re8 33. Qe5+ f6 34. Qf5 g5 35. Rxg5+ fxg5 36. Qxg5+ Kf8 37.
Qf6+ Kg8 38. Qf7+ Kh8 39. Qxe8+ Kg7 40. Qf7+ Kh8 41. e7 Qe1+ 42. Bg1 Rc8 43. Qf6+ Kh7 44. Qf5+ Kg7 45. Qxc8 1-0

[Event "Championship of RSO-Alania 2020"]
[Site "Vladikavkaz, Russia"]
[Date "2021.01.02"]
[Round "2.4"]
[White "Agkatsev, Felix A"]
[Black "Edziev, Vladimir"]
[Result "1-0"]
[TimeControl "90+30"]
[WhiteElo "1338"]
[BlackElo "1478"]

1. d4 Nf6 2. c4 b6 3. Nc3 Bb7 4. Nf3 g6 5. e3 Bg7 6. Bd3 O-O 7. e4 e5 8. d5 a5 9. O-O d6 10.
Re1 Na6 11. Bf1 Nc5 12. g3 a4 13. Rb1 c6 14. b4 axb3 15. axb3 cxd5 16. cxd5 Qe7 17. b4 Na6 18. Be3 Rfc8 19.
Qb3 Nd7 20. Na4 Rab8 21. Bb5 Rd8 22. Nxb6 Nf6 23. Bd3 Ng4 24. Nc4 Nxe3 25. Nxe3 Bc8 26. Nc2 Nc5 27. Qc3 Nxd3 28. Qxd3 Qc7 29.
Rec1 Qb6 30. Na3 Bb7 31. b5 Bh6 32. Rc3 Rdc8 33. Nc4 Qc5 34. Rbb3 Bg7 35. Ncxe5 Qa7 36. Rxc8+ Rxc8 37. Nc4 Qc5 38. Na5 Rc7 39. Nc6 Bc8 40.
Kg2 Bg4 41. Nfd4 Rb7 42. Rc3 Qb6 43. Ra3 h5 44. Qc4 Rc7 45.
Qb4 Bd7 46. Qxd6 Bxd4 47. Ra6 Bc5 48. Ne7+ Kf8 49. Qxb6 Bxb6 50. Rxb6 Kxe7 51. d6+ Kd8 52. dxc7+ Kxc7 53. Rf6 Be6 54. Rxe6 fxe6 55. Kf3 Kb6 1-0

[Event "Championship of RSO-Alania 2020"]
[Site "Vladikavkaz, Russia"]
[Date "2021.01.02"]
[Round "2.5"]
[White "Koraev, Kazbek"]
[Black "Tsamalaidze, Liana"]
[Result "0-1"]
[TimeControl "90+30"]
[WhiteElo "1755"]
[BlackElo "1446"]

1. e4 c6 2. d4 g6 3. Nf3 d5 4. Nc3 Bg7 5. exd5 cxd5 6. Bb5+ Bd7 7. Qe2 a6 8. Bxd7+ Qxd7 9. O-O Nc6 10.
Be3 Nf6 11. Rad1 Qd6 12. Qd2 Ne4 13. Nxe4 dxe4 14. Ng5 Qd5 15. b3 h6 16. c4 Qf5 17. Nh3 g5 18. f3 exf3 19. Rxf3 Qg6 20.
Rff1 O-O 21. d5 Ne5 22. Bd4 Qd6 23. Nf2 f5 24. Qb2 Rf7 25. Rfe1 Nd7 26. Bxg7 Rxg7 27. Re6 Qf4 28. Rde1 Rf8 29.
Rxe7 Rff7 30. Rxf7 Rxf7 31. Qe2 Nf6 32. Qe3 Qd6 33. Qc3 Re7 34. Rxe7 Qxe7 35. Kf1 Kf7 36. h3 b5 37. Qd4 bxc4 38.
bxc4 Qd6 39. Nd3 Ke7 40. Ne5 Ne4 41. Nc6+ Kf7 42. Ne5+ Ke7 43. Qa7+ Kf6 44. Nd7+ Kg6 45. Qb6 Qxb6 46.
Nxb6 Kf6 47. Ke2 Nc3+ 48. Kd3 Nxa2 49. Kd4 Nc1 50. c5 Ne2+ 51. Kc4 Ke7 52. d6+ Ke6 53. d7 Ke7 54. c6 Kd8 55.
Kc5 Nc3 56. Nd5 Nb5 57. Kb6 Nd6 58. Nf6 Nb5 59. Kxa6 Nc7+ 60. Kb7 0-1

[Event "Championship of RSO-Alania 2020"]
[Site "Vladikavkaz, Russia"]
[Date "2021.01.03"]
[Round "3.1"]
[White "Dryaeva, Lana"]
[Black "Tandelov, Arseny"]
[Result "1-0"]
[TimeControl "90+30"]
[WhiteElo "1404"]
[BlackElo "1657"]

1. Nf3 d5 2. b3 Nf6 3. e3 c5 4. Bb2 b6 5. d3 Bb7 6. Nbd2 Nbd7 7. Be2 Qc7 8. c4 e6 9. O-O Bd6 10.
h3 O-O 11. Rc1 Rac8 12. d4 Ne4 13. dxc5 bxc5 14. cxd5 exd5 15. Nxe4 dxe4 16. Nd4 Be5 17. Rc2 Rcd8 18. Qc1 Qb6 19.
Nb5 Bb8 20. Rd1 Ba6 21. Nc3 Qc7 22. Bxa6 Qh2+ 23. Kf1 Qh1+ 24. Ke2 Qxg2 25. Rg1 Qf3+ 26. Ke1 Bh2 27. Be2 Qxh3 28. Rf1 f5 29.
Nd5 Qh4 30. Rh1 Rde8 31. Qa1 f4 32. Bc4 h6 33. Nf6+ Kh8 34. Nxe8 Rxe8 35. Qd1 Rd8 36. Qd6 Qh5 37. Qe7 Nf6 38.
Qxd8+ Kh7 39. Bxf6 fxe3 40. Qg8+ 1-0

[Event "Championship of RSO-Alania 2020"]
[Site "Vladikavkaz, Russia"]
[Date "2021.01.03"]
[Round "3.2"]
[White "Agkatsev, Albert A"]
[Black "Agkatsev, Felix A"]
[Result "1-0"]
[TimeControl "90+30"]
[WhiteElo "1550"]
[BlackElo "1338"]

1. e4 c6 2. d4 d5 3. exd5 cxd5 4. c4 Nf6 5. Nc3 g6 6. Nf3 Bg7 7. cxd5 Nxd5 8. Bc4 Nb6 9. Bb3 O-O 10.
h3 Nc6 11. Be3 Na5 12. O-O Nac4 13. Qe2 Nxe3 14. fxe3 e6 15. Rf2 Bd7 16. Raf1 Bc6 17. Nd2 Nd5 18. e4 Nxc3 19. bxc3 Qd7 20.
Rd1 Ba4 21. e5 Bxb3 22. axb3 f6 23.
exf6 Rxf6 24. Rxf6 Bxf6 25. Ne4 Be7 26. Qg4 Qd5 27. c4 Qf5 28. Qxf5 gxf5 29. Nc3 Bf6 30. Nb5 Rd8 31. d5 exd5 32. Rxd5 Rxd5 33. cxd5 Be5 34. Kf2 a6 35. Na3 b5 36.
Ke3 Kf7 37. g4 fxg4 38. hxg4 Kf6 39. Ke4 Bd6 40. Nc2 Kg5 41. Kf3 a5 42. Nd4 a4 43. Nxb5 axb3 44. Nxd6 Kf6 45. Nc4 b2 46.
Nxb2 Ke5 47. g5 Kxd5 48. Kg4 Ke6 49. Kh5 Kf7 50. Kh6 Kg8 51. Nd3 Kh8 52. Nf4 Kg8 53. Ng6 1-0

[Event "Championship of RSO-Alania 2020"]
[Site "Vladikavkaz, Russia"]
[Date "2021.01.03"]
[Round "3.4"]
[White "Shkurupiy, Konstantin"]
[Black "Hastsaev, Marat"]
[Result "0-1"]
[TimeControl "90+30"]
[WhiteElo "1592"]
[BlackElo "2007"]

1. e4 e6 2. d3 d5 3. Nd2 c5 4. Ngf3 Nf6 5. g3 Nc6 6. Bg2 Bd6 7. O-O O-O 8. Re1 Qc7 9. c3 b6 10.
Nh4 Bb7 11. f4 dxe4 12. dxe4 Be7 13. e5 Ne8 14. Ne4 f6 15. exf6 Nxf6 16. Ng5 Nd8 17. Bxb7 Qxb7 18. Nxe6 Nxe6 19.
Rxe6 Rad8 20. Qe2 Nd5 21. Nf3 Bf6 22. Bd2 b5 23. Re1 b4 24. Ng5 bxc3 25. bxc3 Nxc3 26. Bxc3 Bxc3 27. Nf3 Bxe1 28.
Nxe1 Qd5 29. Re5 Qd4+ 30. Kf1 Rb8 31. Re4 Qd5 32. Nf3 Rb4 33. Re7 a5 34. Kg2 Ra4 35. Kh3 Rxa2 36. Qe3 Qf5+ 37.
g4 Qxf4 38. Qe6+ Kh8 39. Qc6 Qxf3+ 40. Qxf3 Rxf3+ 0-1

[Event "Championship of RSO-Alania 2020"]
[Site "Vladikavkaz, Russia"]
[Date "2021.01.03"]
[Round "3.5"]
[White "Tsamalaidze, Liana"]
[Black "Dzhibilov, David"]
[Result "1-0"]
[TimeControl "90+30"]
[WhiteElo "1446"]
[BlackElo "1363"]

1. d4 e6 2. c4 Nf6 3. Nc3 Bb4 4. Qc2 c5 5. e3 O-O 6. a3 Bxc3+ 7. Qxc3 d6 8. Nf3 Nbd7 9. Bd3 b6 10.
O-O Bb7 11. Be2 Re8 12. b4 Rc8 13.
Bb2 Ne4 14. Qb3 Ng5 15. d5 exd5 16. cxd5 Nxf3+ 17. Bxf3 Ne5 18. Be2 c4 19. Qc3 f6 20. f4 Nf7 21. Rad1 Qe7 22. Rf3 Nh6 23.
Rh3 Nf5 24. Kf2 Qe4 25. g4 Nh6 26. g5 Nf5 27. gxf6 Rc7 28. Bh5 Rf8 29. Bf3 Qxe3+ 30. Qxe3 Nxe3 31. Kxe3 c3 32. Bc1 Rxf6 33.
Bg4 Ba6 34. Be6+ Kh8 35. Rg3 Rh6 36. h3 g6 37. f5 Kg7 38. a4 Kf6 39. b5 Bb7 40. Kd4 Rh4+ 41. Kd3 Rcc4 42. Bg5+ 1-0

[Event "Championship of RSO-Alania 2020"]
[Site "Vladikavkaz, Russia"]
[Date "2021.01.03"]
[Round "3.6"]
[White "Edziev, Vladimir"]
[Black "Ryazanov, Nikolay"]
[Result "1/2-1/2"]
[TimeControl "90+30"]
[WhiteElo "1478"]
[BlackElo "1788"]

1. d4 Nf6 2. Nf3 e6 3. c4 Bb4+ 4. Nc3 O-O 5. Bg5 h6 6. Bh4 d5 7. e3 b6 8. cxd5 exd5 9. Bd3 Bb7 10.
Rc1 Nbd7 11. O-O Re8 12. Qa4 Bxc3 13. Rxc3 c6 14. Ba6 Qc8 15. Bxb7 Qxb7 16. Qxc6 Qxc6 17. Rxc6 Rac8 18. Rfc1 Rxc6 19.
Rxc6 Re6 20. Rxe6 fxe6 21. Bxf6 gxf6 22. Kf1 Kf7 23. Ke2 Ke7 24. Kd3 Kd6 25. e4 dxe4+ 26. Kxe4 Nb8 27. Nd2 Nc6 28.
Nc4+ Kd7 29. d5 Nb4 30. dxe6+ Kxe6 31. a3 Nd5 32. Ne3 Ne7 33. b4 a6 34. h4 f5+ 35. Kd4 Nc6+ 36. Kd3 Ne5+ 37.
Kd4 Nc6+ 38. Kd3 Ne5+ 39. Kd4 Nc6+ 40. Kd3 Ne5+ 41. Kd4 Nc6+ 42. Ke4 Ke5+ 43. Nd1+ 1/2-1/2

[Event "Championship of RSO-Alania 2020"]
[Site "Vladikavkaz, Russia"]
[Date "2021.01.04"]
[Round "4.1"]
[White "Bogov, Khetag"]
[Black "Dryaeva, Lana"]
[Result "1-0"]
[TimeControl "90+30"]
[WhiteElo "1263"]
[BlackElo "1404"]

1. Nf3 c5 2. e4 Nc6 3. Bb5 d6 4. h3 Nf6 5. d3 e5 6. c3 a6 7. Ba4 b5 8. Bc2 Be7 9. O-O O-O 10.
Nbd2 Ne8 11. a4 b4 12. Re1 Qc7 13. Nf1 bxc3 14. bxc3 Nd8 15. Ne3 Be6 16. Bb3 Bf6 17. Bd5 Ra7 18.
Qb3 Qd7 19. Kh2 Rb7 20. Qc2 Bxd5 21. Nxd5 Ne6 22. a5 N8c7 23. Nb6 Qc6 24. c4 Bd8 25. Bd2 Ne8 26. Nd5 g6 27. Reb1 f5 28.
Rxb7 Qxb7 29. Rb1 Qd7 30. exf5 gxf5 31. Bc3 Rf7 32. Rb8 Rg7 33. Ne3 Qf7 34. Ne1 h5 35. Nd5 N8c7 36. Qb2 Kh7 37.
Qb7 f4 38. Nxc7 Bxc7 39. Qe4+ Rg6 40. Rb7 Ng5 41. Qd5 Qe7 42. Nf3 Ne6 43. Ra7 Qg7 44. Qe4 Kg8 45. Nh4 Rf6 46. Ra8+ Bd8 47.
Nf5 Qd7 48. Nh4 Kg7 49. Rxa6 Ng5 50. Qc6 Qe6 51. Nf3 Nxf3+ 52. Qxf3 Bxa5 53. Rxa5 Qf5 54. Ra7+ Kg6 55. Qd5 Kg5 56. Qg8+ Rg6 57. Rg7 Rxg7 58. Qxg7+ Qg6 59. h4+ Kf5 60. Qxg6+ Kxg6 61. Kh3 Kf5 62. f3 Ke6 63. g4 fxg3 64. Kxg3 d5 65. cxd5+ Kxd5 66. f4 e4 67. dxe4+ Kxe4 68. Ba1 c4 69. Bb2 Kf5 70. Kf3 Kg6 71.
Ke4 Kh7 72. f5 c3 73. Bxc3 Kg8 74. Ke5 Kf7 75. f6 Kg8 76. Ke6 Kh7 77. f7 Kg6 1-0

[Event "Championship of RSO-Alania 2020"]
[Site "Vladikavkaz, Russia"]
[Date "2021.01.04"]
[Round "4.2"]
[White "Hastsaev, Marat"]
[Black "Agkatsev, Albert A"]
[Result "1-0"]
[TimeControl "90+30"]
[WhiteElo "2007"]
[BlackElo "1550"]

1. e4 e6 2. d4 d5 3. exd5 exd5 4. Nf3 Nf6 5. Bd3 Bd6 6. O-O O-O 7. Bg5 h6 8. Bh4 Bg4 9. Nbd2 Nbd7 10.
Re1 c6 11. Nf1 Qc7 12. h3 Bh5 13. Ng3 Bxf3 14. Qxf3 g5 15. Nh5 Qd8 16. Bg3 Bxg3 17. Nxg3 Re8 18. Nf5 Rxe1+ 19. Rxe1 Qf8 20.
h4 Nh7 21. Qh5 Ndf6 22. Nxh6+ Kg7 23. Nf5+ Kh8 24. Qf3 Re8 25. Rxe8 Qxe8 26. hxg5 Nxg5 27. Qg3 Qe1+ 28. Kh2 Qd2 29.
Nd6 Qb4 30. c3 Ng4+ 31. Kg1 Qxb2 32. Qh4+ Kg7 33. Qxg5+ Kf8 34. Qxg4 Qc1+ 35. Bf1 1-0

[Event "Championship of RSO-Alania 2020"]
[Site "Vladikavkaz, Russia"]
[Date "2021.01.04"]
[Round "4.3"]
[White "Agkatsev, Felix A"]
[Black "Tsamalaidze, Liana"]
[Result "1-0"]
[TimeControl "90+30"]
[WhiteElo "1338"]
[BlackElo "1446"]

1. d4 Nf6 2. c4 g6 3. Nc3 Bg7 4. e4 d6 5. f3 O-O 6.
Be3 e5 7. d5 c6 8. Qd2 cxd5 9. cxd5 Re8 10. Bb5 Nbd7 11. Nge2 a6 12. Bd3 b5 13. O-O Nc5 14. Bc2 Bb7 15. Nc1 Rc8 16. Nd3 Nfd7 17. Rac1 Qe7 18. b4 Nxd3 19. Bxd3 Rc7 20. a4 bxa4 21. Nxa4 Rec8 22. Nb6 Nxb6 23. Bxb6 Rxc1 24. Rxc1 Qd7 25. Rc3 Bf6 26. Qc2 Bd8 27. Rxc8 Bxc8 28. Bxd8 Qxd8 29. Qc6 Qd7 30. Qb6 Kg7 31. Bxa6 Bxa6 32. Qxa6 Qc7 33. Qa3 Qc2 34. Qa1 Qc4 35. Qb2 Qb5 36. h4 Qb6+ 37. Kh2 Qd8 38. Kg3 g5 39. hxg5 Qxg5+ 40. Kf2 Qh4+ 41. Ke2 Qh1 42. Kd3 Qf1+ 43. Kc3 Qe1+ 44. Qd2 Qa1+ 45. Kc4 Qa6+ 46. Kb3 Kg6 47. Qc2 Qb6 48. Qc6 Qe3+ 49. Ka4 Qa7+ 50. Kb5 Qb8+ 51. Qb6 Qe8+ 52. Qc6 Qb8+ 53. Kc4 Kg5 54.
Qd7 Kf4 55. b5 Qb6 56. Qc6 Qd4+ 57. Kb3 Qe3+ 58. Ka4 Qa7+ 59. Kb4 Qd4+ 60. Ka5 Qa7+ 61. Qa6 Qc5 62. Qc6 Qa7+ 63. Kb4 Qd4+ 64. Qc4 Qb6 65. Qc3 h6 66. g3 Kxg3 67. Qe1+ Kxf3 68.
Qh1+ Kf4 69. Qxh6 Kxe4 70. Qh4 Kf5 71. Qh5+ Kf6 72. Qh4+ Kg6 73. Qg4+ Kf6 74. Qh4+ Kg7 75. Qg4+ Kf8 76.
Qd7 e4 77. Qc6 Qd4+ 78. Ka5 Qa7+ 79. Kb4 Qd4+ 80. Ka5 Qa1+ 81. Kb6 Qa3 82. Qc8+ Ke7 83. Qc4 Qc5+ 84. Qxc5 dxc5 85. Kc7 c4 86. d6 Ke6 87. d7 e3 88. d8=Q Kf5 89. Qd5+ 1-0

[Event "Championship of RSO-Alania 2020"]
[Site "Vladikavkaz, Russia"]
[Date "2021.01.04"]
[Round "4.5"]
[White "Ryazanov, Nikolay"]
[Black "Koraev, Kazbek"]
[Result "1/2-1/2"]
[TimeControl "90+30"]
[WhiteElo "1788"]
[BlackElo "1755"]

1. e4 c5 2. Nf3 d6 3. d4 cxd4 4. Nxd4 Nf6 5. Nc3 a6 6. Be2 e6 7. Be3 Be7 8. O-O Qc7 9. f4 Nc6 10.
Bf3 Rb8 11. a4 O-O 12. Qe2 Bd7 13. Rad1 Nxd4 14. Bxd4 Bc6 15. e5 Bxf3 16.
Qxf3 Nd7 17. exd6 Bxd6 18. Kh1 Bc5 19. Bxc5 Nxc5 20. f5 exf5 21. Qxf5 Qc8 22. Qxc8 Rbxc8 23. Rd6 Rfd8 24. Rfd1 Rxd6 25. Rxd6 Kf8 26. Kg1 Ke7 27. Rd2 Rd8 28. Re2+ Kd6 29.
Rd2+ Ke7 30. Re2+ Kd6 31. Rd2+ Ke7 32. Re2+ Kd6 33. Rd2+ 1/2-1/2

[Event "Championship of RSO-Alania 2020"]
[Site "Vladikavkaz, Russia"]
[Date "2021.01.04"]
[Round "4.6"]
[White "Edziev, Vladimir"]
[Black "Shkurupiy, Konstantin"]
[Result "0-1"]
[TimeControl "90+30"]
[WhiteElo "1478"]
[BlackElo "1592"]

1. d4 Nf6 2. Nf3 g6 3. c4 c5 4. Nc3 Bg7 5. g3 O-O 6. Bg2 a6 7. O-O cxd4 8. Nxd4 Nc6 9. Qd2 Qb6 10.
Nc2 d6 11. Rb1 Bd7 12. b4 Rac8 13. Nd5 Nxd5 14. cxd5 Ne5 15. Ne3 Nc4 16. Nxc4 Rxc4 17. Qe3 Qxe3 18. Bxe3 Rfc8 19. Bf3 Bf5 20.
Rbc1 Bb2 21. Rxc4 Rxc4 22. b5 axb5 23. Kg2 f6 24. Rd1 Kf7 25. h3 h5 26. g4 hxg4 27. Bxg4 Bxg4 28. hxg4
Rxg4+ 29. Kf3 Ra4 30. Rd2 Bc1 31. Rc2 Bxe3 32. Kxe3 Rc4 33. Rxc4 bxc4 34. a4 e6 35. dxe6+ Kxe6 36.
Kd4 d5 37. e4 c3 38. Kxc3 dxe4 39. Kd4 f5 40. Kc5 g5 41. a5 e3 42. fxe3 g4 0-1

[Event "Championship of RSO-Alania 2020"]
[Site "Vladikavkaz, Russia"]
[Date "2021.01.05"]
[Round "5.1"]
[White "Hastsaev, Marat"]
[Black "Bogov, Khetag"]
[Result "1/2-1/2"]
[TimeControl "90+30"]
[WhiteElo "2007"]
[BlackElo "1263"]

1. e4 c6 2. d4 d5 3. Nc3 dxe4 4. Nxe4 Nf6 5. Nxf6+ exf6 6. Nf3 Bg4 7. Bf4 Be7 8. Be2 O-O 9. O-O Nd7 10. c3 Re8 11. Qc2 Nf8 12. Rfe1 Ng6 13. Bg3 Bd6 14. Bxd6 Qxd6 15. h3 Bxf3 16. Bxf3 Nh4 17. Be4 Ng6 18. Bxg6 hxg6 19. Re2 Re7 20. Rae1 Rae8 21. Qd3 Rxe2 22. Rxe2 Rxe2 23. Qxe2 Qe6 24. Qxe6 fxe6 25. f4 Kf7 26. Kf2 Ke7 27. Ke3 Kd6 28. Ke4 b5 29. b3 a6 30. a3 c5 31. g4 c4 32. bxc4 bxc4 33. f5 exf5+ 34. gxf5 g5 35. a4 a5 36. d5 Kc5 37. d6 Kxd6 38. Kd4 Ke7 39. Kxc4 g6 40. fxg6 f5 41. Kd4 Kf6 42. c4 Kxg6 43. Ke5 f4 44. Ke4 Kf6 45. h4 gxh4 46. Kxf4 Ke6 47. Kg4 Kd6 48. Kxh4 Kc5 49. Kg4 Kb4 50. Kf4 Kxa4 51. Ke4 Kb4 52. Kd5 a4 53. c5 a3 54. c6 a2 55. c7 a1=Q 56. c8=Q 1/2-1/2

[Event "Championship of RSO-Alania 2020"]
[Site "Vladikavkaz, Russia"]
[Date "2021.01.05"]
[Round "5.2"]
[White "Dryaeva, Lana"]
[Black "Agkatsev, Felix A"]
[Result "1-0"]
[TimeControl "90+30"]
[WhiteElo "1404"]
[BlackElo "1338"]

1. d4 Nf6 2. c4 e6 3. Nc3 b6 4. Qc2 Bb7 5. e4 Bb4 6. Bd3 d5 7. cxd5 exd5 8. e5 Nfd7 9. a3 Bxc3+ 10. bxc3 h6 11. Ne2 c5 12. O-O Nc6 13. f4 Qc7 14. a4 c4 15. Bf5 O-O-O 16. Ba3 Na5 17. Bd6 Qc6 18. Nc1 Ba6 19. Na2 Rde8 20. Nb4 Qb7 21. Bg4 Nb3 22. Ra2 Re6 23. Bxe6 fxe6 24. Qg6 Kd8 25. Qxe6 Re8 26. Qxd5 Qxd5 27. Nxd5 Bb7 28. Nc7 Rg8 29. f5 Be4 30. f6 gxf6 31. exf6 Rg6 32. Ne6+ Kc8 33. Be7 Bd3 34. Rff2 Nc1 35. Rab2 Ne2+ 36. Rbxe2 Bxe2 37. Rxe2 Nxf6 38. Nf4 Rg4 39. Bxf6 Rxf4 40. Be5 Rg4 41. h3 Rg8 42. Rf2 Kb7 43. Rf7+ Ka6 44. Bd6 h5 45. Kf2 Rd8 46. Bb4 Rd5 47. g4 hxg4 48. hxg4 Rg5 49. Kf3 Rg8 50. Kf4 Rh8 51. g5 Rh1 52. g6 Rf1+ 53. Ke5 Rg1 54. Kf6 Rf1 55. Kg7 Rg1 56. Kh7 Rh1+ 57. Kg8 Rg1 58. g7 Rg2 59. Kf8 Rg1 60. g8=Q Rg6 61. Rxa7+ 1-0

[Event "Championship of RSO-Alania 2020"]
[Site "Vladikavkaz, Russia"]
[Date "2021.01.05"]
[Round "5.3"]
[White "Agkatsev, Albert A"]
[Black "Tandelov, Arseny"]
[Result "1-0"]
[TimeControl "90+30"]
[WhiteElo "1550"]
[BlackElo "1657"]

1. d4 d5 2. Nf3 Nf6 3. b3
c5 4. e3 e6 5. Bb2 Nc6 6. c4 b6 7. Nbd2 Bb7 8. cxd5 exd5 9. Bd3 Bd6 10. Ne5 Ne7 11. f4 Ne4 12. Bb5+ Kf8 13. Nxe4 dxe4 14. Nd7+ Kg8 15. Qg4 Ng6 16. O-O-O Qc7 17. Kb1 h5 18. Qf5 Bc6 19. Bxc6 Qxc6 20. dxc5 Bxc5 21. Nxc5 bxc5 22.
Rd7 Rf8 23. Rhd1 Rh6 24.
R1d6 Qb5 25. Rd8 Qf1+ 26. Rd1 Qxg2 27. Qxc5 Rxd8 28. Rxd8+ Kh7 29. a4 Qg4 30. Qg5 Nh4 31. Rh8+ Kxh8 32. Bxg7+ Kg8 33. Bxh6+ Qxg5 34. Bxg5 Nf5 35. Bf6 Kf8 36. Bd4 Nxd4 37. exd4 a5 38. Kc2 Ke7 39. Kc3 Kd6 40. b4 axb4+ 41. Kxb4 Kc6 42. f5 h4 43. Kc4 f6 44. d5+ Kd6 45. Kd4 e3 46. Kxe3 Kxd5 47. Kf4 Kc4 48. Kg4 Kb4
49. Kxh4 Kxa4 50. Kh5 1-0

[Event "Championship of RSO-Alania 2020"]
[Site "Vladikavkaz, Russia"]
[Date "2021.01.05"]
[Round "5.5"]
[White "Shkurupiy, Konstantin"]
[Black "Ryazanov, Nikolay"]
[Result "0-1"]
[TimeControl "90+30"]
[WhiteElo "1592"]
[BlackElo "1788"]

1. Nf3 d5 2. g3 Nf6 3.
Bg2 e6 4. O-O Be7 5. d3 c5 6. Nbd2 Nc6 7. a3 b6 8. c4 Bb7 9. h3 d4 10. b4 O-O 11. Qb3 Qc7 12. Bb2 e5 13. b5 Na5 14. Qc2 Rfe8 15. Ne4 Nh5 16. h4 f5 17. Ned2 Bd6 18. Nb3 Nxb3 19. Qxb3 Kh8 20. Rad1 e4 21. dxe4 fxe4 22. Ng5 h6 23. Nh3 e3 24. Bxb7 Qxb7 25. Qd3 exf2+ 26. Rxf2 Re3 27. Qxe3 dxe3 28. Rf5 Nxg3 29. Rfd5 Rf8 30. Bc1 Nxe2+ 0-1

[Event "Championship of RSO-Alania 2020"]
[Site "Vladikavkaz, Russia"]
[Date "2021.01.05"]
[Round "5.6"]
[White "Koraev, Kazbek"]
[Black "Dzhibilov, David"]
[Result "1/2-1/2"]
[TimeControl "90+30"]
[WhiteElo "1755"]
[BlackElo "1363"]

1. e4 e6 2. d4 d5 3. Nd2 Nf6 4. e5 Nfd7 5. Bd3 c5 6. c3 Nc6 7. Ne2 Qb6 8. Nf3 cxd4 9. cxd4 Be7 10. O-O O-O 11. a3 a5 12. Rb1 f6 13. exf6 Nxf6 14. Bg5 Qc7 15. Rc1 Ne8 16. Bb1 Bxg5 17. Nxg5 h6 18. Nf3 Qe7 19. Ne5 Nxe5 20. dxe5 Bd7 21. Qd3 g5 22. f4 Rc8 23. fxg5 hxg5 24. Rxf8+ Kxf8 25. Rf1+ Kg8 26.
Qg6+ Qg7 27. Qh5 Bb5 28.
Bh7+ Qxh7 29. Rf8+ Kxf8 30. Qxh7 Bxe2 31. Qd7 Rc1+ 32. Kf2 Rc2 33. Qd8 Rxb2 34. Qxg5 Bg4+ 35. Kf1 Be2+ 36. Kf2 Bg4+ 37. Kf1 Bf5 38. g4 Bd3+ 39.
Ke1 b5 40. Kd1 b4 41. axb4 axb4 42. Qe3 Be4 43.
Kc1 Rc2+ 44. Kd1 Rc3 45.
Qb6 Rb3 46. Qxe6 Rb1+ 47. Kd2 b3 48. Qd7 b2 49. e6 Bg6 50. Kc3 Nf6 51. Qd8+ Ne8 52. Qd7 Nf6 53. Qd8+ Ne8 54. Qd7 1/2-1/2

[Event "Championship of RSO-Alania 2020"]
[Site "Vladikavkaz, Russia"]
[Date "2021.01.06"]
[Round "6.1"]
[White "Agkatsev, Albert A"]
[Black "Dryaeva, Lana"]
[Result "0-1"]
[TimeControl "90+30"]
[WhiteElo "1550"]
[BlackElo "1404"]

1. Nf3 Nf6 2. b3 d5 3. e3 e6 4. Bb2 b6 5. d4 Be7 6. Nbd2 O-O 7. Bd3 c5 8. c4 Bb7 9. cxd5 exd5 10.
Ne5 Nc6 11. O-O Nxe5 12. dxe5 Ne4 13. Bxe4 dxe4 14. Nc4 f5 15. exf6 Bxf6 16. Bxf6 Qxf6 17. Qd6 Rad8 18. Qxf6 gxf6 19.
Rfd1 Ba6 20. Nd6 Bd3 21. Nf5 Rd7 22. Rd2 Rfd8 23. Rad1 Kf7 24. Ng3 Ke6 25. f3 f5 26. Kf2 b5 27.
Ne2 Ke7 28. Nc3 a6 29. h3 Ke8 30.
g4 exf3 31. gxf5 Bxf5 32. Rxd7 Rxd7 33. Rxd7 Kxd7 34. h4 b4 35. Na4 Kc6 36. Kxf3 Bb1 37. Nb2 Bxa2 38. Nc4 Bxb3 39. Na5+ Kd5 40. Nxb3 c4 41. Nc1 b3 42.
Ne2 a5 43. e4+ Ke5 44. Nc3 Kd4 45. Nb5+ Kd3 46. e5 b2 47. Na3 c3 48. e6 c2 49. Nxc2 b1=Q 50. e7 Qb7 51. Kf2 Qxe7 52. Ne1+ Qxe1+ 53. Kxe1 Kc2 54. Ke2 a4 55. Kf3 a3 56.
Kg4 a2 57. Kh5 a1=Q 58. Kh6 Qa7 59.
h5 Kd3 60. Kg5 Qg7+ 61. Kf5 h6 62. Ke5 Kd4+ 0-1

[Event "Championship of RSO-Alania 2020"]
[Site "Vladikavkaz, Russia"]
[Date "2021.01.06"]
[Round "6.2"]
[White "Bogov, Khetag"]
[Black "Tandelov, Arseny"]
[Result "0-1"]
[TimeControl "90+30"]
[WhiteElo "1263"]
[BlackElo "1657"]

1. e4 c5 2. Nf3 Nc6 3. d4 cxd4 4. Nxd4 e5 5. Nb5 Nf6 6. N1c3 d6 7. Bg5 a6 8. Na3 b5 9. Nd5 Be7 10.
Bxf6 Bxf6 11. c3 O-O 12. Nc2 Bg5 13. a4 bxa4 14. Rxa4 f5 15. Bc4 Kh8 16. O-O fxe4 17. Qe2 Ne7 18.
Ncb4 Bb7 19. Rd1 a5 20. Nc2 Rc8 21. Ba2 Rc5 22. c4 Nxd5 23. cxd5 Qb6 24. b4 Rxc2 25. Qxc2 Rxf2 26. bxa5 Qa7 27.
Qxf2 Be3 28. Rf1 h6 29. Rxe4 Bxf2+ 30. Rxf2 Qxa5 31. Bc4 Bxd5 32. Bxd5 Qxd5 33. Re1 Qd4 34. Kf1 e4 35. Rfe2 d5 36.
Re3 Kh7 37. h3 Kg6 38. Rg3+ Kf6 39. Rge3 g5 40. Kg1 Ke5 41. Kh2 Qd2 42. R1e2 Qc1 43. Re1 Qc6 44. Kg3 d4 45. R3e2 d3 46.
Rd2 Qc3 47. Red1 Kd4 48. Ra2 d2+ 49. Kh2 e3 50. Rda1 e2 51. Ra4+ Kd3 52. Ra8 d1=Q 53. Rd8+ Kc2 54. Ra2+ Kb3 0-1